AoeStats
← mryendl2410

Arena

509123065Analyzed
4v4 RM · 7d ago on Sep 25, 2026· 50m 31s· 8 players
Game mode
Random Map
Map size
Large (8 player)
Population
200
Speed
Normal
Resources
Standard
Victory
Conquest
Starting age
Dark Age
Ending age
Imperial Age
RankedLock teamsTeams togetherTeam positionsShared explorationLock speedFull tech treeHidden civsTurbo modeCheats
Victory
Defeat
🇭🇰 Saxons · Hong Kong SAR China
1523
+11
🇦🇷 Spanish · Argentina
1517
+11
🇦🇷 Lithuanians · Argentina
1511
+11
🇮🇪 Franks · Ireland
1484
+12
🇨🇳 Magyars · China
1434
-12
🇻🇳 Italians · Vietnam
1417
-12
🇨🇳 Byzantines · China
1404
-11
🇻🇳 Lithuanians · Vietnam
1355
-10
第一滴血
10:33 Feudal Age
13:59 Castle Age
12:14 Double-Bit Axe
12:32 Horse Collar
18:08 Wheelbarrow
22:51 Heavy Plow
23:01 Bow Saw
24:34 Hand Cart
29:09 Imperial Age
26:26 Loom
26:28 Town Watch
27:04 Gold Mining
27:30 Fletching
27:55 Bloodlines
27:45 Husbandry
28:11 Ballistics
28:02 Stone Mining
28:09 Bodkin Arrow
29:36 Padded Archer Armor
29:59 Thumb Ring
29:55 Bracer
30:17 Heavy Cavalry Archer
32:02 Chemistry
31:41 Leather Archer Armor
32:58 Ring Archer Armor
33:32 Recurve Bow
33:53 Conscription
34:26 Crop Rotation
35:51 Parthian Tactics
37:06 Corvinian Army
37:43 Elite Magyar Huszar
38:29 Scale Barding Armor
39:26 Gold Shaft Mining
39:49 Chain Barding Armor
42:13 Plate Barding Armor
44:03 Two-Man Saw
47:04 Hoardings
46:43 Masonry
46:14 Treadmill Crane
mryendl2410
12:10 Feudal Age
12:19 Loom
16:22 Castle Age
14:38 Double-Bit Axe
14:35 Horse Collar
16:08 Gold Mining
22:10 Imperial Age
20:27 Fletching
21:29 Bodkin Arrow
29:31 Padded Archer Armor
30:56 Wheelbarrow
32:28 Bracer
35:31 Ballistics
36:12 Chemistry
35:57 Leather Archer Armor
38:28 Ring Archer Armor
39:36 Thumb Ring
47:42 Caravan
50:40 Bow Saw
piecardinap
12:30 Feudal Age
13:24 Horse Collar
16:46 Castle Age
21:31 Wheelbarrow
23:09 Scale Barding Armor
23:07 Loom
24:49 Gold Mining
24:50 Stone Mining
25:07 Double-Bit Axe
25:23 Heavy Plow
25:49 Bloodlines
25:51 Forging
27:26 Bow Saw
28:38 Chain Barding Armor
33:25 Iron Casting
36:12 Imperial Age
35:44 Hand Cart
35:56 Husbandry
36:18 Cavalier
37:36 Plate Barding Armor
38:17 Paladin
40:57 Conscription
43:23 Town Watch
43:09 Light Cavalry
46:19 Fletching
46:28 Winged Hussar
Kaiser Ze
10:26 Feudal Age
12:34 Loom
14:55 Castle Age
16:11 Double-Bit Axe
16:12 Horse Collar
23:01 Stone Mining
24:15 Wheelbarrow
24:07 Heavy Plow
25:12 Stone Shaft Mining
24:29 Gold Mining
25:38 Bow Saw
26:31 Gold Shaft Mining
26:50 Hand Cart
28:34 Forging
28:30 Scale Barding Armor
30:56 Imperial Age
29:05 Husbandry
31:04 Iron Casting
30:29 Scale Mail Armor
30:49 Chain Barding Armor
32:03 Conscription
31:58 Heavy Camel Rider
32:36 Elite Cataphract
34:00 Plate Barding Armor
36:49 Logistica
36:43 Fletching
41:45 Hoardings
42:56 Caravan
43:28 Bodkin Arrow
45:23 Padded Archer Armor
45:08 Elite Skirmisher
45:54 Thumb Ring
45:51 Bracer
46:48 Leather Archer Armor
50:03 Ring Archer Armor
Wololoagain1
10:07 Feudal Age
10:34 Feudal Age
14:15 Castle Age
12:26 Double-Bit Axe
15:36 Bow Saw
17:50 Loom
21:38 Wheelbarrow
23:21 Scale Mail Armor
23:47 Forging
25:23 Chain Mail Armor
25:58 Fletching
28:50 Hand Cart
32:52 Imperial Age
30:08 Town Watch
33:44 Iron Casting
33:07 Elite Throwing Axeman
34:10 Conscription
34:54 Plate Mail Armor
34:51 Gold Mining
34:40 Capped Ram
36:37 Ballistics
37:22 Blast Furnace
43:32 Squires
44:38 Bodkin Arrow
49:16 Fortified Wall
50:06 Chemistry
49:19 Masonry
50:43 Caravan
Lauti
10:20 Feudal Age
14:31 Castle Age
14:44 Double-Bit Axe
14:41 Horse Collar
15:39 Bow Saw
21:13 Scale Barding Armor
21:12 Gold Mining
22:36 Forging
23:59 Wheelbarrow
24:50 Stone Mining
25:33 Chain Barding Armor
26:11 Bloodlines
26:25 Chain Barding Armor
30:22 Imperial Age
27:55 Husbandry
28:32 Hand Cart
29:13 Iron Casting
29:42 Heavy Plow
31:29 Stone Shaft Mining
31:41 Plate Barding Armor
32:31 Conscription
32:45 Elite Leitis
34:37 Chemistry
35:05 Loom
35:05 Town Watch
41:55 Masonry
42:59 Two-Man Saw
42:30 Crop Rotation
42:32 Coinage
42:53 Caravan
pray4u
10:48 Feudal Age
14:33 Castle Age
13:18 Horse Collar
13:24 Double-Bit Axe
15:56 Bow Saw
21:32 Wheelbarrow
21:56 Loom
22:35 Heavy Plow
24:19 Gold Mining
28:38 Imperial Age
27:16 Hand Cart
26:47 Town Watch
27:11 Gold Mining
27:44 Scale Mail Armor
27:39 Treadmill Crane
28:13 Squires
27:58 Arson
29:42 Gold Shaft Mining
28:58 Stone Mining
30:20 Chain Mail Armor
30:15 Forging
30:41 Padded Archer Armor
31:42 Plate Mail Armor
30:35 Elite Varangian Guard
31:42 Gambesons
32:35 Iron Casting
33:11 Chemistry
33:05 Fletching
32:48 Shield Wall
33:49 Conscription
33:51 Elite Hearth Troop
34:45 Pikeman
35:41 Halberdier
39:26 Hoardings
39:30 Bodkin Arrow
39:36 Padded Archer Armor
39:55 Masonry
39:55 Fortified Wall
42:20 Bracer
42:35 Leather Archer Armor
43:32 Architecture
43:13 Fortified Wall
45:13 Two-Man Saw
44:43 Ballistics
49:50 Siege Engineers
50:01 Caravan
gjizhijian6866
10:45 Feudal Age
14:27 Castle Age
13:03 Double-Bit Axe
13:34 Horse Collar
23:40 Bow Saw
23:53 Loom
24:45 Wheelbarrow
24:49 Padded Archer Armor
25:23 Husbandry
26:57 Ballistics
26:53 Leather Archer Armor
27:49 Gold Mining
34:48 Imperial Age
33:00 Fervor
33:22 Heavy Plow
33:39 Stone Mining
34:31 Hand Cart
36:12 Ring Archer Armor
35:27 Elite Conquistador
37:11 Chemistry
36:47 Conscription
38:21 Caravan
38:51 Fletching
40:11 Sanctity
41:03 Capped Ram
42:44 Bodkin Arrow
42:10 Elite Skirmisher
42:56 Thumb Ring
44:14 Two-Man Saw
43:17 Squires
43:52 Masonry
44:08 Supremacy
46:09 Bracer
46:10 Town Watch
48:41 Bloodlines
48:43 Forging
49:12 Scale Barding Armor
49:37 Light Cavalry
50:38 Chain Barding Armor
50:55 Iron Casting
Connection lost

Rejoining the realm…

Still unreachable

The connection could not be restored.

Session expired

The server has moved on; the page needs a fresh start.